 Dungeon Crawl Stone Soup version 0.28.0-45-g0d030f2227 (webtiles) character file.

Game seed: 4243409573821153750

788 Peloso the Slasher (level 7, -8/61 HPs)
             Began as a Minotaur Fighter on Apr 24, 2022.
             Was a Follower of Okawaru.
             Killed by divine providence
             ... invoked by an orc priest
              (15 damage)
             ... on level 5 of the Dungeon.
             The game lasted 00:11:21 (3338 turns).

Peloso the Slasher (Minotaur Fighter)               Turns: 3338, Time: 00:11:22

Health: -8/61      AC: 10    Str: 19 (20) XL:     7   Next: 56%
Magic:  6/6        EV:  8    Int:  3 (5)  God:    Okawaru [*.....]
Gold:   42         SH:  5    Dex: 11 (12) Spells: 6/6 levels left

rFire   . . .      SeeInvis .   a - +2 long sword (vorpal)
rCold   . . .      Faith    .   c - +0 buckler
rNeg    . . .      Spirit   .   f - +0 chain mail
rPois   .          Reflect  .   (helmet restricted)
rElec   .          Harm     .   (no cloak)
rCorr   .          Rampage  .   (no gloves)
Will    .....                   (no boots)
Stlth   ..........              (no amulet)
HPRegen 0.20/turn               (no ring)
MPRegen 0.10/turn               (no ring)

@: about to teleport
A: horns 2, retaliatory headbutt
a: Renounce Religion, Heroism


You were on level 5 of the Dungeon.
You worshipped Okawaru.
Okawaru was aware of your devotion.
You visited 2 branches of the dungeon, and saw 6 of its levels.

You collected 146 gold pieces.
You spent 104 gold pieces at shops.

Inventory:

Hand Weapons
 a - a +2 vorpal long sword (weapon)
 b - a +2 hand axe of flaming
 o - a +0 hand crossbow
Missiles
 p - 50 bolts
Armour
 c - a +0 buckler (worn)
 f - a +0 chain mail (worn)
 t - a +0 scale mail
Jewellery
 r - an amulet of the acrobat
Wands
 s - a wand of digging (3)
 u - a wand of iceblast (7)
Scrolls
 h - 2 scrolls of enchant weapon
 l - a scroll of amnesia
 q - a scroll of teleportation
 v - a scroll of summoning
 w - a scroll of noise
 x - a scroll of magic mapping
Potions
 d - a potion of might
 e - a potion of mutation
 i - a potion of attraction {unknown}
 j - a potion of curing {unknown}
 k - a potion of degeneration
 n - a potion of invisibility {unknown}


   Skills:
 + Level 5.5 Fighting
 + Level 7.0 Long Blades
 + Level 5.8 Armour
 + Level 2.5 Dodging
 + Level 4.9 Shields


You had 6 spell levels left.
You didn't know any spells.
Your spell library contained the following spells:

 Spells                   Type           Power      Damage    Failure   Level
 Foxfire                  Conj/Fire      0%         2x1d4     100%        1
 Conjure Flame            Conj/Fire      0%         6-21      100%        3
 Gell's Gravitas          Tloc           0%         N/A       100%        3
 Inner Flame              Hex/Fire       0%         N/A       100%        3
 Portal Projectile        Hex/Tloc       0%         N/A       100%        3
 Teleport Other           Tloc           0%         N/A       100%        3
 Flame Wave               Conj/Fire      0%         2d4       100%        4
 Leda's Liquefaction      Hex/Erth       0%         N/A       100%        4
 Dispersal                Tloc           0%         N/A       100%        6
 Call Canine Familiar     Summ           Unusable   N/A       N/A         3

Dungeon Overview and Level Annotations

Branches:
Dungeon (5/15)             Temple (1/1) D:4

Altars:
Ashenzari
Cheibriados
Dithmenos
Elyvilon
Fedhas
Hepliaklqana
Kikubaaqudgha
Makhleb
Nemelex Xobeh
Okawaru
Qazlal
Ru
Trog
Uskayaw
Vehumet
Wu Jian
Xom
Yredelemnul
Zin
The Shining One

Shops:
D:4 ?


Innate Abilities, Weirdness & Mutations

You have a pair of horns on your head.
You reflexively headbutt those who attack you in melee.


Message History

You block the jackal's attack.
You hit the jackal.
You kill the jackal!
Okawaru accepts your kill.
The jackal bites you but does no damage.
You closely miss the jackal.
The jackal is moderately wounded.
The jackal bites you but does no damage.
The orc priest calls down the wrath of Beogh upon you.
Beogh smites you!
The orc priest casts a cantrip, but nothing happens.
You hit the jackal.
The jackal is severely wounded.
The jackal barely misses you. You furiously retaliate!
You headbutt the jackal!
You kill the jackal!
Okawaru accepts your kill.
The orc priest looks encouraged for a moment.
You closely miss the jackal. You headbutt the jackal.
The jackal is severely wounded.
The jackal barely misses you.
The orc priest mumbles some strange prayers to Beogh against you.
Beogh smites you!
* * * LOW HITPOINT WARNING * * *
You slash the jackal!
You kill the jackal!
Okawaru accepts your kill.
The orc priest calls upon Beogh to heal the orc priest.
The orc priest's wounds heal themselves!
The orc priest looks encouraged for a moment.
Unknown command.
It was a potion of degeneration.
There was something very wrong with that liquid.
You feel weakened.
You feel dopey.
You feel clumsy.
The sky beast flickers out of sight!
Something hits you.
* * * LOW HITPOINT WARNING * * *
As you read the scroll of teleportation, it crumbles to dust.
You feel strangely unstable.
The orc priest calls down the wrath of Beogh upon you.
Beogh smites you!
You die...

##..)######...####
##..Yo.#..........#
#.......)......##.#######
#........................
#............).รท......###
........#{o....###.###.###
$......##oo....# #.# #.##.
...#### #{##.#.# #.# #.#..
#!# #@##.#.# #.# #....
#......# #.. ###..
#..###.# ##. ##. #..# #.#
## ##.###.# # #.....# #
####.## # #.# # #)# #


You could see 2 orc priests and an orc.

Vanquished Creatures
  Sigmund (D:2)
  Eustachio (D:4)
  A water moccasin zombie (D:5)
  A water moccasin skeleton (D:4)
  A bullfrog zombie (D:5)
  A hound (D:5)
  A gnoll shaman (D:5)
  Jessica (D:2)
  An iguana (D:4)
  An orc wizard (D:4)
  A hound skeleton (D:3)
  Robin (D:2)
  6 adders
  5 gnolls (D:5)
  A worm (D:3)
  5 dart slugs
  6 orcs
  12 ball pythons
  7 bats
  9 endoplasms
  2 giant cockroaches
  11 hobgoblins
  6 jackals
  5 kobolds
  3 quokkas
  2 frilled lizards (D:1)
  11 goblins
  3 rats
106 creatures vanquished.

Notes
Turn   | Place    | Note
-------+----------+-------------------------------------------
     0 | D:1      | Peloso the Minotaur Fighter began the quest for the Orb.
     0 | D:1      | Reached XP level 1. HP: 19/19 MP: 0/0
   230 | D:1      | Found a faded altar of an unknown god.
   237 | D:1      | Reached XP level 2. HP: 26/27 MP: 1/1
   424 | D:2      | Identified the +0 helmet "Kireru" {rF+ rC+ Str+5}
   424 | D:2      | Noticed Robin
   437 | D:2      | Killed Robin
   438 | D:2      | Reached XP level 3. HP: 29/33 MP: 2/2
   619 | D:2      | Reached skill level 3 in Long Blades
   619 | D:2      | Reached skill level 1 in Dodging
   621 | D:2      | Noticed Sigmund
   627 | D:2      | Killed Sigmund
   628 | D:2      | Reached skill level 4 in Long Blades
   628 | D:2      | Reached XP level 4. HP: 27/41 MP: 3/3
   628 | D:2      | Reached XP level 5. HP: 31/47 MP: 4/4
   839 | D:2      | Noticed Jessica
   855 | D:2      | Killed Jessica
  1454 | D:3      | Reached XP level 6. HP: 55/55 MP: 5/5
  2041 | D:4      | Reached skill level 5 in Long Blades
  2172 | D:4      | Found a staircase to the Ecumenical Temple.
  2182 | Temple   | Entered the Ecumenical Temple
  2266 | Temple   | Became a worshipper of Warmaster Okawaru
  2377 | D:4      | Noticed Eustachio
  2387 | D:4      | Killed Eustachio
  2388 | D:4      | Reached skill level 5 in Fighting
  2388 | D:4      | Reached skill level 6 in Long Blades
  2388 | D:4      | Reached skill level 5 in Armour
  2575 | D:4      | Reached XP level 7. HP: 43/61 MP: 6/6
  2666 | D:4      | Found a broken altar of Ashenzari.
  2920 | D:4      | Found Hisiesic's Magic Scroll Shoppe.
  2935 | D:4      | Bought a scroll of identify for 22 gold pieces
  2935 | D:4      | Bought a scroll of noise for 11 gold pieces
  2935 | D:4      | Bought a scroll of magic mapping for 38 gold pieces
  2935 | D:4      | Bought a scroll of teleportation for 33 gold pieces
  3000 | D:5      | Entered Level 5 of the Dungeon
  3072 | D:5      | Reached * piety under Okawaru
  3152 | D:5      | Reached skill level 7 in Long Blades
  3338 | D:5      | Killed from afar by an orc priest

Illustrated notes

Levels and vault maps discovered:
D:1:      dpeg_arrival_short_road, layout_basic,
          hellmonk_ecumenical_altar_crossroads
D:2:      layout_loops_ring, uniq_jessica, uniq_robin, uniq_sigmund
D:3:      layout_rooms, chequers_serial_rivers_micro_a
D:4:      layout_rooms, evilmike_ruin_ashenzari,
          minmay_temple_entry_sparse_star, serial_shops, shop, uniq_eustachio
D:5:      layout_loops_ring
Temple:   regret_index_temple_sigil_plot

Skill      XL: |  1  2  3  4  5  6  7 |
---------------+----------------------+-----
Fighting       | 4 5 |  5.5
Shields        | 4 |  4.9
Armour         | 4 5 |  5.8
Long Blades    | 4 6 7 |  7.0
Dodging        | 1 2 |  2.5

Action                   |  1- 3 |  4- 6 |  7- 9 || total
-------------------------+-------+-------+-------++-------
Melee: Long sword        |    56 |   102 |    55 ||   213
       Headbutt          |     5 |     9 |     9 ||    23
Invok: Heroism           |       |       |     1 ||     1
  Use: Scroll            |       |       |     7 ||     7
       Potion            |       |       |     1 ||     1
Armor: Scale mail        |    42 |    44 |    16 ||   102
       Chain mail        |       |       |     8 ||     8
Dodge: Dodged            |    40 |    35 |    35 ||   110
Block: Buckler           |    14 |    23 |    17 ||    54
